 Dungeon Crawl Stone Soup version 0.25-a0-942-g87a53962fc (webtiles) character file.

Game seed: 18055655232449567045, levelgen mode: deterministic

47 MisterFreud the Skirmisher (level 3, -7/31 HPs)
             Began as a Demonspawn Abyssal Knight on May 7, 2020.
             Was a Follower of Lugonu.
             Killed by nerve-wracking pain
             ... invoked by a shadow imp
             ... summoned by Natasha
              (10 damage)
             ... on level 2 of the Dungeon.
             The game lasted 00:02:21 (1273 turns).

MisterFreud the Skirmisher (DsAK)                   Turns: 1273, Time: 00:02:22

Health: -7/31      AC:  4    Str: 13    XL:     3   Next: 48%
Magic:  4/4        EV: 11    Int: 13    God:    Lugonu [*.....]
Gold:   57         SH:  0    Dex: 12    Spells: 2/2 levels left

rFire    . . .     SeeInvis .   a - +1 falchion
rCold    . . .     Gourm    .   (no shield)
rNeg     . . .     Faith    .   b - +0 leather armour
rPois    .         Spirit   .   (no helmet)
rElec    .         Reflect  .   (no cloak)
rCorr    .         Harm     .   m - +0 pair of gloves
MR       .....     Rnd*Tele +   (no boots)
Stlth    +.........             (no amulet)
HPRegen  0.10/turn              e - ring of teleportation (curse)
MPRegen  0.09/turn              (no ring)

@: mighty
A: claws 1, powered by pain 1
a: Depart the Abyss, Renounce Religion


You were on level 2 of the Dungeon.
You worshipped Lugonu.
Lugonu was aware of your devotion.
You were not hungry.

You visited 1 branch of the dungeon, and saw 2 of its levels.
You visited the Abyss 1 time.

You collected 57 gold pieces.

Inventory:

Hand Weapons
 a - a +1 falchion (weapon)
Missiles
 i - 23 sling bullets
 j - 9 arrows
 l - 25 stones (quivered)
 o - 11 poisoned darts
Armour
 b - a +0 leather armour (worn)
 m - a +0 pair of gloves (worn)
Jewellery
 e - a cursed ring of teleportation (left hand)
Scrolls
 n - 3 scrolls of amnesia {unknown}
 p - a scroll of enchant weapon {unknown}
Potions
 d - a potion of cancellation {unknown}
 f - 2 potions of brilliance {unknown}
 h - 2 potions of heal wounds {unknown}
 k - a potion of curing {unknown}
 q - a potion of flight {unknown}
Comestibles
 c - a ration


   Skills:
 * Level 4.5 Fighting
 - Level 1.7 Long Blades
 - Level 1.7 Armour
 - Level 0.8 Dodging
 - Level 2.4 Invocations


You had 2 spell levels left.
You didn't know any spells.
Your spell library was empty.

Dungeon Overview and Level Annotations

Branches:
Dungeon (2/15)

Altars:

Annotations:
D:2 Natasha


Innate Abilities, Weirdness & Mutations

You have sharp fingernails.
You sometimes gain a little power by taking damage.


Message History

Natasha casts a spell at you. The magic dart hits you!
You focus on the pain.
You feel very mighty all of a sudden.
Found three items.
The hobgoblin closely misses you.
Natasha stares at you and mumbles some strange words.
The magic dart hits you.
* * * LOW HITPOINT WARNING * * *
Found a stone staircase leading down.
The quokka barely misses you.
You riposte.
You slash the quokka!
You kill the quokka!
Lugonu accepts your kill.
Natasha mumbles some strange words.
You see here 16 stones.
Natasha casts a spell.
The hobgoblin hits you with a +0 club.
* * * LOW HITPOINT WARNING * * *
The shadow imp gestures at you. Pain shoots through your body!
You die...

....?..#..........#.
....=...##............##
...........#(..#.#....†.
.......#####........##.
..>.# ##............
#... ###5h........... #
#...##...............
....#..#.g#.............
.......@................
.........##.............
........###..(..........
.<....### #........!..
...... ##..........
...... ##...##... .....
#### .. .....


You could see Natasha, a shadow imp and a hobgoblin.

Vanquished Creatures
  2 adders (D:2)
  A dart slug (D:1)
  A leopard gecko (D:1)
  4 bats
  3 goblins (D:1)
  5 hobgoblins (D:1)
  2 quokkas (D:2)
  2 ball pythons (D:1)
  5 frilled lizards
  2 kobolds (D:1)
27 creatures vanquished.

Notes
Turn   | Place    | Note
-------+----------+-------------------------------------------
     0 | Abyss:1  | MisterFreud the Demonspawn Abyssal Knight began the quest
                  | for the Orb.
     0 | Abyss:1  | Reached XP level 1. HP: 18/18 MP: 2/2
    45 | Abyss:1  | Noticed a fire bat
    46 | D:1      | Escaped the Abyss
   248 | D:1      | Gained mutation: You have sharp fingernails. [demonic
                  | ancestry]
   248 | D:1      | Reached XP level 2. HP: 17/24 MP: 3/3
   388 | D:1      | Reached * piety under Lugonu
   619 | D:1      | Reached skill level 4 in Fighting
  1018 | D:2      | Gained mutation: You sometimes gain a little power by
                  | taking damage. [demonic ancestry]
  1018 | D:2      | Reached XP level 3. HP: 26/31 MP: 4/4
  1258 | D:2      | Noticed Natasha
  1273 | D:2      | Killed from afar by a shadow imp

Levels and vault maps discovered:
D:1:      doesnt_arrival_eight_statues, layout_loops_ring
D:2:      layout_rooms, first_ration, uniq_natasha

Skill      XL: |  1  2 |
---------------+-------+-----
Fighting       | 4 |  4.5
Long Blades    | |  1.7
Armour         | |  1.7
Dodging        | |  0.8
Invocations    | |  2.4

Action                   || total
-------------------------++-------
Melee: Falchion          ||    79
Invok: Depart the Abyss  ||     1
  Eat: Chunk             ||     1
Armor: Leather armour    ||    32
Dodge: Dodged            ||    66
       Rpst.: Falchion   ||    22

Table legend:
 A = Non-vault XP
 B = Vault XP
 C = Vault XP percentage of total XP
 D = Non-vault monster count
 E = Vault monster count
 F = Vault count percentage of total count
                 A         B        C        D         E       F
            +---------+---------+-------+---------+---------+-------
      Total |      68 |       0 |   0.0 |      27 |       0 |   0.0
            +---------+---------+-------+---------+---------+-------
        D:1 |      34 |       0 |   0.0 |      19 |       0 |   0.0
        D:2 |      34 |       0 |   0.0 |       8 |       0 |   0.0
            +---------+---------+-------+---------+---------+-------
